 Dungeon Crawl Stone Soup version 0.31-a0-202-g547052bce9 (webtiles) character file.

Game seed: 2119404170385542625

41 qw the Shooter (level 3, 0/20 HPs)
             Began as a Deep Elf Hunter on June 26, 2023.
             Slain by an orc
             ... wielding a +0 hand axe
              (3 damage)
             ... on level 3 of the Dungeon.
             The game lasted 00:00:30 (1476 turns).

qw the Shooter (Deep Elf Hunter)                    Turns: 1476, Time: 00:00:30

Health: 0/20       AC:  3    Str: 10    XL:     3   Next: 32%
Magic:  5/5        EV: 12    Int: 13    God:
Gold:   95         SH:  0    Dex: 18    Spells: 2/2 levels left

rFire   . . .        Y - +0 shortbow
rCold   . . .        (shield currently unavailable)
rNeg    . . .        c - +0 leather armour
rPois   .            (no helmet)
rElec   .            (no cloak)
rCorr   .            (no gloves)
SInv    .            (no boots)
Will    .....        (no amulet)
Stlth   ++           (no ring)
HPRegen 0.23/turn    (no ring)
MPRegen 0.09/turn

%: no passive effects
@: mighty
A: no striking features
a: no special abilities


You were on level 3 of the Dungeon.
You visited 1 branch of the dungeon, and saw 3 of its levels.

You collected 95 gold pieces.


   Skills:
 - Level 1.5 Fighting
 + Level 6.9 Ranged Weapons
 - Level 2.4 Dodging
 - Level 1.2 Stealth


You had 2 spell levels left.
You didn't know any spells.
Your spell library was empty.

Inventory:

Hand Weapons
 Y - a +0 shortbow (weapon)
Armour
 c - a +0 leather armour (worn)
Scrolls
 a - a scroll of identify
 b - a scroll of teleportation
Potions
 d - 2 potions of might
 e - a potion of resistance {unknown}
 f - a potion of degeneration {unknown}
 g - a potion of mutation {unknown}

Dungeon Overview and Level Annotations

Branches:
Dungeon (3/15)

Altars:


Message History

There are monsters nearby!
Waypoint 2 assigned to D:3.
You shoot an arrow. The arrow hits the rat!
You kill the rat!
You shoot an arrow.
The arrow hits the orc but does no damage.
The orc shouts!
You hear a shout!
An orc comes into view. It is wielding a +0 hand axe.
You shoot an arrow. The orc shouts!
The arrow hits the orc but does no damage.
A kobold comes into view. It is wielding a +0 dagger.
You shoot an arrow.
The arrow hits the orc but does no damage.
An orc priest comes into view. It is wielding a +0 whip.
You shoot an arrow. The arrow closely misses the orc.
The orc priest shouts!
You shoot an arrow. The arrow hits the orc.
The orc is almost dead.
An orc priest comes into view. It is wielding a +0 club.
An orc comes into view. It is wielding a +0 mace.
You shoot an arrow. The arrow barely misses the orc.
The orc priest shouts!
The orc barely misses you.
The orc priest looks satisfied for a moment.
You shoot an arrow. The arrow closely misses the orc.
The orc closely misses you.
You shoot an arrow. The arrow hits the orc.
You kill the orc!
The orc closely misses you.
You shoot an arrow.
The arrow hits the orc but does no damage.
The orc barely misses you. The kobold hits you with a +0 dagger.
The kobold closely misses you. The orc priest closely misses you.
1476 ||| STAIRDANCE The orc priest calls down the wrath of Beogh upon you.
Beogh smites you!
Ouch! That really hurt!
The kobold closely misses you. The orc hits you with a +0 hand axe.
You die...

..# .. ..
... .. ....
##.####....
#.......)..
#...$.(....
#..oo......
#..@K.o#
#...o..#
....######
#####


You could see 2 orc priests, 2 orcs and a kobold.

Vanquished Creatures
  A dart slug (D:2)
  An orc (D:3)
  2 bats
  An endoplasm (D:2)
  6 goblins
  7 hobgoblins
  3 jackals (D:1)
  3 kobolds (D:1)
  3 ball pythons
  3 frilled lizards
  3 rats
33 creatures vanquished.

Notes
Turn   | Place    | Note
-------+----------+-------------------------------------------
     0 | D:1      | qw the Deep Elf Hunter began the quest for the Orb.
     0 | D:1      | Reached XP level 1. HP: 12/12 MP: 3/3
     0 | D:1      | 0 ||| qw: Version: 0.3-a-22-g0ed2b0b
     0 | D:1      | 0 ||| qw: Game counter: 5991
     0 | D:1      | 0 ||| qw: Melee chars always use a shield: true
     0 | D:1      | 0 ||| qw: God list: Okawaru
     0 | D:1      | 0 ||| qw: Allow faded altars: false
     0 | D:1      | 0 ||| qw: Do Orc after clearing Dungeon:15 true
     0 | D:1      | 0 ||| qw: Do second Lair branch before Depths: true
     0 | D:1      | 0 ||| qw: Lair rune preference: random
     0 | D:1      | 0 ||| qw: Goals: Normal
     0 | D:1      | 0 ||| PLANNING D:1-11
   205 | D:1      | Reached skill level 6 in Ranged Weapons
   205 | D:1      | Reached XP level 2. HP: 16/16 MP: 4/4
   847 | D:1      | 847 ||| READING scroll labelled EREWOZOMIS.
   848 | D:1      | 848 ||| READING scroll labelled GUSUBBAAVEU.
   849 | D:1      | 849 ||| READING scroll labelled WELEMPE APY.
   850 | D:1      | 850 ||| DROPPING scroll of butterflies.
  1093 | D:2      | Reached XP level 3. HP: 20/20 MP: 5/5
  1438 | D:2      | 1438 ||| READING 2 scrolls labelled VOGGIH ETHRARHAZ.
  1439 | D:2      | 1439 ||| READING 2 scrolls labelled FOIC XALIRPH.
  1442 | D:2      | 1442 ||| DRINKING 3 orange potions.
  1476 | D:3      | 1476 ||| STAIRDANCE
  1476 | D:3      | HP: 3/20 [orc priest/divine providence (15)]
  1476 | D:3      | Slain by an orc

Levels and vault maps discovered:
D:1:      minmay_arrival_shoal_huts, layout_loops_corners
D:2:      layout_basic
D:3:      layout_rooms

Skill      XL: |  1 |
---------------+----+-----
Ranged Weapons | 6 |  6.9
Fighting       | |  1.5
Dodging        | |  2.4
Stealth        | |  1.2

Action                     || total
---------------------------++-------
   Fire: Shortbow          ||   120
    Use: Scroll            ||     5
         Potion            ||     1
 Armour: Leather armour    ||    19
  Dodge: Dodged            ||    33

Table legend:
 A = Non-vault XP
 B = Vault XP
 C = Vault XP percentage of total XP
 D = Non-vault monster count
 E = Vault monster count
 F = Vault count percentage of total count
                 A         B        C        D         E       F
            +---------+---------+-------+---------+---------+-------
      Total |      59 |       0 |   0.0 |      33 |       0 |   0.0
            +---------+---------+-------+---------+---------+-------
        D:1 |      34 |       0 |   0.0 |      20 |       0 |   0.0
        D:2 |      21 |       0 |   0.0 |      11 |       0 |   0.0
        D:3 |       4 |       0 |   0.0 |       2 |       0 |   0.0
            +---------+---------+-------+---------+---------+-------
